Kraken vs Bruins

Created - 17 janvier 2024 at 19:39

Goals
1 2 3 T
Kraken 0 2 2 4
Bruins 2 1 3 6
Shots
1 2 3 T
Kraken 9 9 18 36
Bruins 12 13 16 41

GoalsPenalties
1st period
1. Bruins , Nino Niederreiter 16 (Brandon Saad 20, Robert Thomas 37) at 3:22
2. Bruins , Anthony Cirelli 13 (Conor Garland 20, Brandon Saad 21) at 9:58 (PP)
Radek Faksa (SEA) for Diving (Minor) at 9:22
Ryan Hartman (SEA) for Interference (Minor) at 12:17
2nd period
3. Bruins , Joel Farabee 9 (Patrik Laine 12) at 9:23
4. Kraken , Ryan Donato 6 (Radek Faksa 9) at 13:47
5. Kraken , Barclay Goodrow 7 (Radek Faksa 10, Ryan Donato 6) at 14:28
Vladimir Tarasenko (SEA) for Roughing (Minor) at 15:10
Curtis Lazar (SEA) for Holding (Minor) at 17:24
3rd period
6. Bruins , Brandon Saad 13 (Robert Thomas 38, Nino Niederreiter 18) at 1:28
7. Bruins , Sam Carrick 2 (Tommy Novak 7, Jared Spurgeon 25) at 4:23
8. Kraken , Oliver Bjorkstrand 17 (Charlie Coyle 26, Seth Jones 19) at 13:01 (PP)
9. Bruins , Conor Garland 13 (Alex Wennberg 10) at 13:14
10. Kraken , Ryan Hartman 18 (Artturi Lehkonen 29) at 13:22
Anthony Cirelli (BOS) for Hooking (Minor) at 7:59
Nino Niederreiter (BOS) for Holding (Minor) at 12:12
Sam Carrick (BOS) for Holding (Minor) at 16:14
Barclay Goodrow (SEA) for Holding (Minor) at 18:42
Goalie Stats
Frederik Andersen (SEA), 35 saves from 41 shots - (0,854), L, 26-21-2, 60:00 minutes
Ilya Sorokin (BOS), 32 saves from 36 shots - (0,889), W, 29-20-4, 60:00 minutes
3 StarsOfficial
1 - Brandon Saad (BOS)
2 - Conor Garland (BOS)
3 - Ryan Donato (SEA)
Referees : MacKenzie Welter and Dan O'Rourke
Linesman : Shandor Alphonso and Bryan Pancich
Game Note
No Game Note
Finance
Level 1 -- Attendance: 5500 (85%) -- Ticket Income $506,000
Level 2 -- Attendance: 4595 (79%) -- Ticket Income $248,130
Level 3 -- Attendance: 3639 (67%) -- Ticket Income $105,531
Level 4 -- Attendance: 3461 (58%) -- Ticket Income $65,759
Luxury Box -- Attendance: 939 (82%) -- Ticket Income $187,800
Game was played at the FleetCenter.
Total Attendance: 18134 (73%)
Total Ticket Income: $1,113,220
Other Income: $333,966
Total Income: $1,447,186



Team Name Goals Shots Shots Attemp Shots Blocked PIM HIT PP PK FO%
Kraken 436681110171 / 3 (33%)143%
Bruins 64168136171 / 5 (20%)157%

Kraken
Player Name POS G A P +/- PIM HIT SHT SB MP PP MP PP SHT PK MP PK SHT FO% FOT GA TA
Artturi LehkonenLW/RW011-1014223:492:3904:05033% 312
Barclay GoodrowC/LW1011223014:340:0003:13050% 212
Charlie CoyleC/RW011-1001019:092:3903:29050% 1401
Christopher TanevD000-1001220:340:0003:5200% 001
Connor MurphyD000-1000117:281:4303:5800% 000
Curtis LazarC/RW000-120006:390:0000:2700% 000
David PerronLW/RW000-1016119:032:0820:000100% 210
Ilya LyubushkinD000-1011212:200:0000:0000% 001
Jonas BrodinD0000010025:203:0403:5800% 010
Justin HollD000-1004122:201:4303:5200% 010
Oliver BjorkstrandLW/RW101-1024016:232:3910:3200% 000
Radek FaksaC/LW0221213015:070:0003:54053% 1700
Ryan DonatoC/LW1121021011:140:0000:0000% 000
Ryan HartmanC/RW101-1243019:052:0800:00039% 3110
Ryan PoehlingC/LW000-100106:020:0000:0000% 310
Seth JonesD0110021121:583:0400:0000% 012
Vladimir TarasenkoRW000-1203014:582:0800:0000% 201
Zach Aston-ReeseLW/RW000-100016:020:0000:0000% 001
Bruins
Player Name POS G A P +/- PIM HIT SHT SB MP PP MP PP SHT PK MP PK SHT FO% FOT GA TA
Alex WennbergC0111020010:370:0000:57050% 800
Anthony CirelliC/LW1010214019:383:3221:50050% 1801
Brandon SaadLW/RW1230015020:363:2910:00033% 310
Conor GarlandLW/RW1121013013:433:3200:1700% 011
J.J. MoserD0001000010:200:0000:0000% 010
Jared SpurgeonD0110004528:474:5033:0100% 013
Jarred TinordiD000101006:340:0000:0000% 000
Joel FarabeeLW/RW1010014013:530:0300:000100% 110
Matt BenningD0001010110:200:0000:0000% 001
Matt RoyD0001012220:533:0001:4600% 000
Miro HeiskanenD0000005227:324:5021:4600% 011
Nino NiederreiterLW/RW1120216021:124:1810:0000% 020
Ondrej PalatLW/RW000101209:290:0000:0000% 000
Patrik LaineLW/RW0110000020:004:1801:39050% 210
Robert ThomasC/RW0220034024:014:1802:51062% 3710
Ryan GravesD0001021222:083:0003:0100% 001
Sam CarrickC/RW101121107:020:0000:09067% 300
Tommy NovakC011100018:250:0001:51050% 210

Kraken

5 vs 5 Forward
Line #Left WingCenterRight WingPHYDFOFWanted %Time %Time Play
1David PerronRyan HartmanArtturi Lehkonen1224036%16:58
2Oliver BjorkstrandCharlie CoyleVladimir Tarasenko1223028%13:09
3Barclay GoodrowRadek FaksaRyan Donato2212524%11:14
4Zach Aston-ReeseRyan PoehlingCurtis Lazar122513%6:02
5 vs 5 Defense
Line #DefenseDefensePHYDFOFWanted %Time %Time Play
1Seth JonesJonas Brodin0324041%19:35
2Christopher TanevJustin Holl0323534%16:04
3Connor MurphyIlya Lyubushkin0322525%11:44
4Seth JonesJonas Brodin13100%0:00
Power Play Forward
Line #Left WingCenterRight WingPHYDFOFWanted %Time %Time Play
1David PerronRyan HartmanVladimir Tarasenko1135045%2:08
2Oliver BjorkstrandCharlie CoyleArtturi Lehkonen1135055%2:39
Power Play Defense
Line #DefenseDefensePHYDFOFWanted %Time %Time Play
1Seth JonesJonas Brodin0236064%3:04
2Connor MurphyJustin Holl0234036%1:43
Penalty Kill 4 Players Forward
Line #CenterWingPHYDFOFWanted %Time %Time Play
1Radek FaksaBarclay Goodrow1315056%4:21
2Charlie CoyleArtturi Lehkonen1315044%3:29
Penalty Kill 4 Players Defense
Line #DefenseDefensePHYDFOFWanted %Time %Time Play
1Christopher TanevJustin Holl0325049%3:52
2Connor MurphyJonas Brodin0325051%3:58
Penalty Kill 3 Players
Line #WingPHYDFOFWanted %Time %Time PlayDefenseDefensePHYDFOFWanted %Time %Time Play
1Charlie Coyle050500%0:00 Christopher TanevJustin Holl050600%0:00
2Barclay Goodrow050500%0:00 Connor MurphyJustin Holl050400%0:00
4 vs 4 Forward
Line #CenterWingPHYDFOFWanted %Time %Time Play
1Charlie CoyleDavid Perron122500%0:00
2Ryan HartmanOliver Bjorkstrand122500%0:00
4 vs 4 Defense
Line #DefensePHYDFOFWanted %Time %Time Play
1Seth JonesJonas Brodin032500%0:00
2Connor MurphyChristopher Tanev032500%0:00
Last Minutes Offensive
Left WingCenterRight WingDefenseDefense
David PerronRyan HartmanVladimir TarasenkoSeth JonesJustin Holl
Last Minutes Defensive
Left WingCenterRight WingDefenseDefense
Radek FaksaBarclay GoodrowArtturi LehkonenJustin HollChristopher Tanev
Time
Total ForwardTotal DefenseLast Minutes OffensiveLast Minutes Defensive
60:00 60:00 0:000:00
Extra Forwards
Normal PowerPlayPenalty Kill
Ryan Hartman, David Perron, Vladimir TarasenkoRyan Hartman, David PerronBarclay Goodrow
Extra Defensemen
Normal PowerPlayPenalty Kill
Seth Jones, Justin Holl, Connor MurphySeth Jones, Justin HollConnor Murphy
Penalty Shots
Vladimir Tarasenko, David Perron, Charlie Coyle, Oliver Bjorkstrand, Artturi Lehkonen
Goalie
Frederik Andersen, Matt Murray
Scratches
Evgeny Svechnikov (Healthy), Brad Hunt (Healthy)

Bruins

5 vs 5 Forward
Line #Left WingCenterRight WingPHYDFOFWanted %Time %Time Play
1Brandon SaadRobert ThomasNino Niederreiter1224036%17:12
2Patrik LaineAnthony CirelliJoel Farabee1223030%14:08
3Ondrej PalatAlex WennbergConor Garland1222220%9:29
4Jarred TinordiSam CarrickTommy Novak131814%6:34
5 vs 5 Defense
Line #DefenseDefensePHYDFOFWanted %Time %Time Play
1Jared SpurgeonMiro Heiskanen1314544%20:56
2Matt RoyRyan Graves1313534%16:07
3J.J. MoserMatt Benning1402022%10:20
4Miro HeiskanenJared Spurgeon14000%0:00
Power Play Forward
Line #Left WingCenterRight WingPHYDFOFWanted %Time %Time Play
1Patrik LaineRobert ThomasNino Niederreiter0056556%4:21
2Brandon SaadAnthony CirelliConor Garland0053544%3:29
Power Play Defense
Line #DefenseDefensePHYDFOFWanted %Time %Time Play
1Jared SpurgeonMiro Heiskanen0147062%4:50
2Matt RoyRyan Graves0143038%3:00
Penalty Kill 4 Players Forward
Line #CenterWingPHYDFOFWanted %Time %Time Play
1Anthony CirelliRobert Thomas05065100%4:47
2Alex WennbergBrandon Saad050350%0:00
Penalty Kill 4 Players Defense
Line #DefenseDefensePHYDFOFWanted %Time %Time Play
1Ryan GravesJared Spurgeon1406563%3:01
2Matt RoyMiro Heiskanen1403537%1:46
Penalty Kill 3 Players
Line #WingPHYDFOFWanted %Time %Time PlayDefenseDefensePHYDFOFWanted %Time %Time Play
1Anthony Cirelli050600%0:00 Ryan GravesJared Spurgeon140650%0:00
2Alex Wennberg050400%0:00 Matt RoyMiro Heiskanen140350%0:00
4 vs 4 Forward
Line #CenterWingPHYDFOFWanted %Time %Time Play
1Robert ThomasBrandon Saad122600%0:00
2Anthony CirelliNino Niederreiter122400%0:00
4 vs 4 Defense
Line #DefensePHYDFOFWanted %Time %Time Play
1Jared SpurgeonRyan Graves122600%0:00
2Matt RoyMiro Heiskanen131400%0:00
Last Minutes Offensive
Left WingCenterRight WingDefenseDefense
Ondrej PalatRobert ThomasNino NiederreiterJared SpurgeonMiro Heiskanen
Last Minutes Defensive
Left WingCenterRight WingDefenseDefense
Alex WennbergAnthony CirelliRobert ThomasJared SpurgeonRyan Graves
Time
Total ForwardTotal DefenseLast Minutes OffensiveLast Minutes Defensive
60:00 60:00 0:000:00
Extra Forwards
Normal PowerPlayPenalty Kill
Nino Niederreiter, Patrik Laine, Robert ThomasNino Niederreiter, Patrik LaineAnthony Cirelli
Extra Defensemen
Normal PowerPlayPenalty Kill
Jared Spurgeon, Miro Heiskanen, Ryan GravesJared Spurgeon, Jared SpurgeonRyan Graves
Penalty Shots
Jared Spurgeon, Miro Heiskanen, Conor Garland, Robert Thomas, Joel Farabee
Goalie
Ilya Sorokin, Pyotr Kochetkov
Scratches
None


Play-by-Play

1st period


0:01 of 1st period - Ryan Hartman wins face-off versus Robert Thomas in neutral zone.
1:10 of 1st period - Wrist shot by Connor Murphy.
1:10 of 1st period - Shot Misses the Net.
1:36 of 1st period - Snap shot by Artturi Lehkonen.
1:36 of 1st period - Stopped by Ilya Sorokin without a rebound.
1:37 of 1st period - Charlie Coyle wins face-off versus Anthony Cirelli in Bruins zone.
2:11 of 1st period - Wrist shot by Artturi Lehkonen.
2:11 of 1st period - Stopped by Ilya Sorokin without a rebound.
2:12 of 1st period - Alex Wennberg wins face-off versus Radek Faksa in Bruins zone.
3:10 of 1st period - Off-side.
3:11 of 1st period - Brandon Saad wins face-off versus Ryan Hartman in neutral zone.
3:16 of 1st period - Wrist shot by Brandon Saad.
3:16 of 1st period - Stopped by Frederik Andersen without a rebound.
3:17 of 1st period - Robert Thomas wins face-off versus Ryan Hartman in Kraken zone.
3:18 of 1st period - Slapshot by Nino Niederreiter.
3:18 of 1st period - Deflect By Robert Thomas.
3:18 of 1st period - Stopped by Frederik Andersen with a rebound.
3:20 of 1st period - Slapshot by Brandon Saad.
3:20 of 1st period - Shot Blocked by Artturi Lehkonen.
3:22 of 1st period - Snap shot by Nino Niederreiter.
3:22 of 1st period - Goal by Nino Niederreiter - Kraken : 0 - Bruins : 1.
3:23 of 1st period - Charlie Coyle wins face-off versus Alex Wennberg in neutral zone.
3:30 of 1st period - Wrist shot by Oliver Bjorkstrand.
3:30 of 1st period - Shot Misses the Net.
3:32 of 1st period - Wrist shot by Charlie Coyle.
3:32 of 1st period - Shot Blocked by Matt Roy.
3:34 of 1st period - Wrist shot by Seth Jones.
3:34 of 1st period - Shot Misses the Net.
3:36 of 1st period - Snap shot by Seth Jones.
3:36 of 1st period - Stopped by Ilya Sorokin with a rebound.
3:38 of 1st period - Snap shot by Oliver Bjorkstrand.
3:38 of 1st period - Deflect By Vladimir Tarasenko.
3:38 of 1st period - Shot Misses the Net.
3:38 of 1st period - Puck is out of play.
3:39 of 1st period - Robert Thomas wins face-off versus Ryan Hartman in Bruins zone.
3:52 of 1st period - Snap shot by Ryan Hartman.
3:52 of 1st period - Deflect By David Perron.
3:52 of 1st period - Stopped by Ilya Sorokin without a rebound.
3:53 of 1st period - Joel Farabee wins face-off versus Barclay Goodrow in Bruins zone.
4:20 of 1st period - Brandon Saad is hit by Ryan Hartman.
4:28 of 1st period - Slapshot by Robert Thomas.
4:28 of 1st period - Shot Hit the Post.
4:40 of 1st period - Slapshot by Miro Heiskanen.
4:40 of 1st period - Stopped by Frederik Andersen with a rebound.
4:42 of 1st period - Wrist shot by Tommy Novak.
4:42 of 1st period - Deflect By Sam Carrick.
4:42 of 1st period - Shot Misses the Net.
4:42 of 1st period - Puck is out of play.
4:43 of 1st period - Sam Carrick wins face-off versus Charlie Coyle in Kraken zone.
5:10 of 1st period - Snap shot by Oliver Bjorkstrand.
5:10 of 1st period - Shot Misses the Net.
5:12 of 1st period - Snap shot by Vladimir Tarasenko.
5:12 of 1st period - Stopped by Ilya Sorokin without a rebound.
5:13 of 1st period - Anthony Cirelli wins face-off versus Ryan Hartman in Bruins zone.
5:13 of 1st period - Anthony Cirelli is hit by David Perron.
5:39 of 1st period - Miro Heiskanen is hit by Barclay Goodrow and loses puck.
6:36 of 1st period - Snap shot by Oliver Bjorkstrand.
6:36 of 1st period - Shot Blocked by Ryan Graves.
6:38 of 1st period - Slapshot by Justin Holl.
6:38 of 1st period - Stopped by Ilya Sorokin without a rebound.
6:39 of 1st period - Robert Thomas wins face-off versus Ryan Hartman in Bruins zone.
7:29 of 1st period - Artturi Lehkonen is hit by Sam Carrick.
7:53 of 1st period - Snap shot by Nino Niederreiter.
7:53 of 1st period - Stopped by Frederik Andersen with a rebound.
7:55 of 1st period - Slapshot by Jared Spurgeon.
7:55 of 1st period - Shot Blocked by Artturi Lehkonen.
7:57 of 1st period - Snap shot by Brandon Saad.
7:57 of 1st period - Stopped by Frederik Andersen without a rebound.
7:58 of 1st period - Robert Thomas wins face-off versus Radek Faksa in Kraken zone.
8:07 of 1st period - Snap shot by Barclay Goodrow.
8:07 of 1st period - Stopped by Ilya Sorokin with a rebound.
8:35 of 1st period - Slapshot by Jared Spurgeon.
8:35 of 1st period - Shot Misses the Net.
8:37 of 1st period - Wrist shot by Ondrej Palat.
8:37 of 1st period - Stopped by Frederik Andersen without a rebound.
8:38 of 1st period - Anthony Cirelli wins face-off versus Radek Faksa in Kraken zone.
8:47 of 1st period - Snap shot by Joel Farabee.
8:47 of 1st period - Stopped by Frederik Andersen without a rebound.
8:48 of 1st period - Radek Faksa wins face-off versus Anthony Cirelli in Kraken zone.
9:22 of 1st period - Minor Penalty to Radek Faksa for Diving.
9:23 of 1st period - Robert Thomas wins face-off versus Charlie Coyle in Kraken zone.
9:23 of 1st period - Snap shot by Nino Niederreiter.
9:23 of 1st period - Shot Blocked by Christopher Tanev.
9:58 of 1st period - Backhand shot by Anthony Cirelli.
9:58 of 1st period - Goal by Anthony Cirelli - Kraken : 0 - Bruins : 2.
9:59 of 1st period - Robert Thomas wins face-off versus Ryan Hartman in neutral zone.
11:13 of 1st period - Wrist shot by Brandon Saad.
11:13 of 1st period - Shot Misses the Net.
11:32 of 1st period - Off-side.
11:33 of 1st period - Alex Wennberg wins face-off versus Artturi Lehkonen in neutral zone.
11:39 of 1st period - Icing by Justin Holl.
11:40 of 1st period - David Perron wins face-off versus Brandon Saad in Kraken zone.
11:49 of 1st period - Snap shot by Ryan Hartman.
11:49 of 1st period - Shot Misses the Net.
11:51 of 1st period - Backhand shot by Christopher Tanev.
11:51 of 1st period - Shot Misses the Net.
11:53 of 1st period - Snap shot by Justin Holl.
11:53 of 1st period - Deflect By Ryan Hartman.
11:53 of 1st period - Shot Misses the Net.
11:53 of 1st period - Puck is out of play.
11:54 of 1st period - Robert Thomas wins face-off versus Charlie Coyle in Bruins zone.
12:09 of 1st period - Wrist shot by Nino Niederreiter.
12:09 of 1st period - Stopped by Frederik Andersen without a rebound.
12:10 of 1st period - Alex Wennberg wins face-off versus Ryan Hartman in Kraken zone.
12:13 of 1st period - Snap shot by Ondrej Palat.
12:13 of 1st period - Stopped by Frederik Andersen without a rebound.
12:14 of 1st period - Ryan Hartman wins face-off versus Alex Wennberg in Kraken zone.
12:14 of 1st period - Ryan Hartman is hit by Alex Wennberg.
12:17 of 1st period - Minor Penalty to Ryan Hartman for Interference.
12:18 of 1st period - Robert Thomas wins face-off versus Radek Faksa in Kraken zone.
14:17 of 1st period - Penalty to Ryan Hartman is over, Ryan Hartman is back on ice.
15:36 of 1st period - Wrist shot by Robert Thomas.
15:36 of 1st period - Stopped by Frederik Andersen without a rebound.
15:37 of 1st period - Robert Thomas wins face-off versus Ryan Hartman in Kraken zone.
16:04 of 1st period - Wrist shot by Vladimir Tarasenko.
16:04 of 1st period - Stopped by Ilya Sorokin with a rebound.
16:10 of 1st period - Slapshot by Jared Spurgeon.
16:10 of 1st period - Shot Misses the Net.
16:22 of 1st period - Slapshot by Radek Faksa.
16:22 of 1st period - Deflect By Barclay Goodrow.
16:22 of 1st period - Shot Blocked by Ryan Graves.
16:22 of 1st period - Puck is out of play.
16:23 of 1st period - Radek Faksa wins face-off versus Sam Carrick in Bruins zone.
16:36 of 1st period - Wrist shot by Radek Faksa.
16:36 of 1st period - Shot Misses the Net.
16:38 of 1st period - Wrist shot by Radek Faksa.
16:38 of 1st period - Stopped by Ilya Sorokin without a rebound.
16:39 of 1st period - Ryan Hartman wins face-off versus Robert Thomas in Bruins zone.
19:33 of 1st period - Icing by Ilya Lyubushkin.
19:34 of 1st period - Sam Carrick wins face-off versus Ryan Poehling in Kraken zone.
19:35 of 1st period - Slapshot by Matt Roy.
19:35 of 1st period - Shot Blocked by Ilya Lyubushkin.
19:52 of 1st period - Snap shot by Ryan Graves.
19:52 of 1st period - Shot Blocked by Connor Murphy.
Goals for this period are 0 for Kraken vs 2 for Bruins.
Shots for this period are 9 for Kraken vs 12 for Bruins.

2nd period


0:01 of 2nd period - Ryan Hartman wins face-off versus Robert Thomas in neutral zone.
0:39 of 2nd period - Slapshot by Conor Garland.
0:39 of 2nd period - Stopped by Frederik Andersen without a rebound.
0:40 of 2nd period - Charlie Coyle wins face-off versus Robert Thomas in Kraken zone.
0:47 of 2nd period - Wrist shot by Vladimir Tarasenko.
0:47 of 2nd period - Shot Misses the Net.
1:53 of 2nd period - Icing by Oliver Bjorkstrand.
1:54 of 2nd period - Robert Thomas wins face-off versus Ryan Hartman in Kraken zone.
1:55 of 2nd period - Snap shot by Brandon Saad.
1:55 of 2nd period - Shot Blocked by David Perron.
1:57 of 2nd period - Slapshot by Jared Spurgeon.
1:57 of 2nd period - Deflect By Robert Thomas.
1:57 of 2nd period - Shot Blocked by Ilya Lyubushkin.
1:57 of 2nd period - Puck is out of play.
1:58 of 2nd period - Ryan Hartman wins face-off versus Robert Thomas in Kraken zone.
1:58 of 2nd period - Ryan Hartman is hit by Robert Thomas.
2:06 of 2nd period - Snap shot by Nino Niederreiter.
2:06 of 2nd period - Shot Misses the Net.
2:08 of 2nd period - Wrist shot by Miro Heiskanen.
2:08 of 2nd period - Stopped by Frederik Andersen without a rebound.
2:09 of 2nd period - Artturi Lehkonen wins face-off versus Robert Thomas in Kraken zone.
2:09 of 2nd period - Artturi Lehkonen is hit by Nino Niederreiter.
2:41 of 2nd period - Snap shot by Barclay Goodrow.
2:41 of 2nd period - Shot Blocked by Jared Spurgeon.
2:47 of 2nd period - Slapshot by Anthony Cirelli.
2:47 of 2nd period - Shot Misses the Net.
2:49 of 2nd period - Snap shot by Anthony Cirelli.
2:49 of 2nd period - Shot Misses the Net.
3:07 of 2nd period - Snap shot by Conor Garland.
3:07 of 2nd period - Stopped by Frederik Andersen with a rebound.
3:09 of 2nd period - Slapshot by Ryan Graves.
3:09 of 2nd period - Shot Blocked by Zach Aston-Reese.
4:03 of 2nd period - Snap shot by Anthony Cirelli.
4:03 of 2nd period - Stopped by Frederik Andersen without a rebound.
4:04 of 2nd period - Ryan Hartman wins face-off versus Anthony Cirelli in Kraken zone.
4:18 of 2nd period - Icing by David Perron.
4:19 of 2nd period - Robert Thomas wins face-off versus Ryan Hartman in Kraken zone.
4:20 of 2nd period - Snap shot by Brandon Saad.
4:20 of 2nd period - Shot Misses the Net.
5:00 of 2nd period - Slapshot by Radek Faksa.
5:00 of 2nd period - Shot Blocked by Miro Heiskanen.
5:20 of 2nd period - Wrist shot by Oliver Bjorkstrand.
5:20 of 2nd period - Shot Misses the Net.
6:41 of 2nd period - Slapshot by Vladimir Tarasenko.
6:41 of 2nd period - Stopped by Ilya Sorokin without a rebound.
6:42 of 2nd period - Robert Thomas wins face-off versus Charlie Coyle in Bruins zone.
7:06 of 2nd period - Snap shot by Vladimir Tarasenko.
7:06 of 2nd period - Shot Misses the Net.
7:08 of 2nd period - Snap shot by Oliver Bjorkstrand.
7:08 of 2nd period - Stopped by Ilya Sorokin with a rebound.
7:10 of 2nd period - Slapshot by Vladimir Tarasenko.
7:10 of 2nd period - Shot Blocked by Matt Roy.
7:12 of 2nd period - Snap shot by Oliver Bjorkstrand.
7:12 of 2nd period - Stopped by Ilya Sorokin with a rebound.
7:22 of 2nd period - Wrist shot by Oliver Bjorkstrand.
7:22 of 2nd period - Deflect By Charlie Coyle.
7:22 of 2nd period - Shot Misses the Net.
7:22 of 2nd period - Puck is out of play.
7:23 of 2nd period - Anthony Cirelli wins face-off versus Ryan Hartman in Bruins zone.
7:27 of 2nd period - Off-side.
7:28 of 2nd period - Ryan Hartman wins face-off versus Anthony Cirelli in neutral zone.
8:16 of 2nd period - Matt Benning is hit by Ryan Hartman and loses puck.
8:25 of 2nd period - Wrist shot by Artturi Lehkonen.
8:25 of 2nd period - Shot Blocked by Matt Benning.
8:27 of 2nd period - Snap shot by Ryan Hartman.
8:27 of 2nd period - Shot Hit the Post.
8:56 of 2nd period - Icing by Joel Farabee.
8:57 of 2nd period - Radek Faksa wins face-off versus Anthony Cirelli in Bruins zone.
8:58 of 2nd period - Snap shot by Ryan Donato.
8:58 of 2nd period - Shot Misses the Net.
9:04 of 2nd period - Barclay Goodrow is hit by Joel Farabee and loses puck.
9:23 of 2nd period - Snap shot by Joel Farabee.
9:23 of 2nd period - Goal by Joel Farabee - Kraken : 0 - Bruins : 3.
9:24 of 2nd period - Radek Faksa wins face-off versus Robert Thomas in neutral zone.
9:33 of 2nd period - Snap shot by Radek Faksa.
9:33 of 2nd period - Stopped by Ilya Sorokin with a rebound.
9:51 of 2nd period - Vladimir Tarasenko is hit by Alex Wennberg and loses puck.
10:36 of 2nd period - Wrist shot by Ryan Hartman.
10:36 of 2nd period - Shot Misses the Net.
11:14 of 2nd period - Ilya Lyubushkin is hit by Jarred Tinordi and loses puck.
11:53 of 2nd period - Patrik Laine is hit by Ryan Hartman and loses puck.
12:18 of 2nd period - Miro Heiskanen is hit by Oliver Bjorkstrand and loses puck.
12:41 of 2nd period - Slapshot by Artturi Lehkonen.
12:41 of 2nd period - Stopped by Ilya Sorokin with a rebound.
12:43 of 2nd period - Wrist shot by Ryan Hartman.
12:43 of 2nd period - Shot Blocked by Jared Spurgeon.
12:45 of 2nd period - Slapshot by Justin Holl.
12:45 of 2nd period - Stopped by Ilya Sorokin with a rebound.
12:47 of 2nd period - Wrist shot by Artturi Lehkonen.
12:47 of 2nd period - Stopped by Ilya Sorokin without a rebound.
12:48 of 2nd period - Ryan Hartman wins face-off versus Robert Thomas in Bruins zone.
13:01 of 2nd period - Snap shot by Robert Thomas.
13:01 of 2nd period - Stopped by Frederik Andersen without a rebound.
13:02 of 2nd period - Ryan Hartman wins face-off versus Robert Thomas in Kraken zone.
13:12 of 2nd period - Off-side.
13:13 of 2nd period - Robert Thomas wins face-off versus Ryan Hartman in neutral zone.
13:40 of 2nd period - Matt Roy is hit by Barclay Goodrow and loses puck.
13:47 of 2nd period - Wrist shot by Ryan Donato.
13:47 of 2nd period - Goal by Ryan Donato - Kraken : 1 - Bruins : 3.
13:48 of 2nd period - Charlie Coyle wins face-off versus Robert Thomas in neutral zone.
14:15 of 2nd period - Jared Spurgeon is hit by Ryan Donato and loses puck.
14:26 of 2nd period - Snap shot by Radek Faksa.
14:26 of 2nd period - Shot Blocked by Jared Spurgeon.
14:28 of 2nd period - Wrist shot by Barclay Goodrow.
14:28 of 2nd period - Deflect By Miro Heiskanen.
14:28 of 2nd period - Goal by Barclay Goodrow - Kraken : 2 - Bruins : 3.
14:29 of 2nd period - Anthony Cirelli wins face-off versus Ryan Hartman in neutral zone.
15:07 of 2nd period - Off-side.
15:08 of 2nd period - Charlie Coyle wins face-off versus Robert Thomas in neutral zone.
15:10 of 2nd period - Minor Penalty to Vladimir Tarasenko for Roughing.
15:11 of 2nd period - Patrik Laine wins face-off versus Charlie Coyle in Kraken zone.
15:11 of 2nd period - Wrist shot by Robert Thomas.
15:11 of 2nd period - Shot Misses the Net.
15:13 of 2nd period - Wrist shot by Nino Niederreiter.
15:13 of 2nd period - Stopped by Frederik Andersen with a rebound.
15:15 of 2nd period - Snap shot by Miro Heiskanen.
15:15 of 2nd period - Stopped by Frederik Andersen without a rebound.
15:16 of 2nd period - Robert Thomas wins face-off versus Charlie Coyle in Kraken zone.
15:25 of 2nd period - Snap shot by Robert Thomas.
15:25 of 2nd period - Shot Misses the Net.
16:10 of 2nd period - Slapshot by Jared Spurgeon.
16:10 of 2nd period - Stopped by Frederik Andersen with a rebound.
16:12 of 2nd period - Slapshot by Jared Spurgeon.
16:12 of 2nd period - Stopped by Frederik Andersen with a rebound.
16:14 of 2nd period - Slapshot by Miro Heiskanen.
16:14 of 2nd period - Stopped by Frederik Andersen with a rebound.
16:16 of 2nd period - Slapshot by Jared Spurgeon.
16:16 of 2nd period - Stopped by Frederik Andersen with a rebound.
16:24 of 2nd period - Snap shot by Brandon Saad.
16:24 of 2nd period - Stopped by Frederik Andersen without a rebound.
16:25 of 2nd period - Radek Faksa wins face-off versus Robert Thomas in Kraken zone.
17:10 of 2nd period - Penalty to Vladimir Tarasenko is over, Vladimir Tarasenko is back on ice.
17:24 of 2nd period - Minor Penalty to Curtis Lazar for Holding.
17:25 of 2nd period - Robert Thomas wins face-off versus Radek Faksa in Kraken zone.
17:26 of 2nd period - Backhand shot by Nino Niederreiter.
17:26 of 2nd period - Deflect By Robert Thomas.
17:26 of 2nd period - Shot Misses the Net.
17:26 of 2nd period - Puck is out of play.
17:27 of 2nd period - Robert Thomas wins face-off versus Radek Faksa in Kraken zone.
18:03 of 2nd period - Wrist shot by Anthony Cirelli.
18:03 of 2nd period - Shot Misses the Net.
19:06 of 2nd period - Jonas Brodin is hit by Robert Thomas and loses puck.
19:24 of 2nd period - Penalty to Curtis Lazar is over, Curtis Lazar is back on ice.
Goals for this period are 2 for Kraken vs 1 for Bruins.
Shots for this period are 9 for Kraken vs 13 for Bruins.

3rd period


0:01 of 3rd period - Ryan Hartman wins face-off versus Robert Thomas in neutral zone.
0:10 of 3rd period - Wrist shot by Ryan Hartman.
0:10 of 3rd period - Stopped by Ilya Sorokin with a rebound.
0:12 of 3rd period - Slapshot by Justin Holl.
0:12 of 3rd period - Stopped by Ilya Sorokin with a rebound.
0:14 of 3rd period - Slapshot by David Perron.
0:14 of 3rd period - Stopped by Ilya Sorokin with a rebound.
0:43 of 3rd period - Jared Spurgeon is hit by Oliver Bjorkstrand and loses puck.
0:54 of 3rd period - Wrist shot by Charlie Coyle.
0:54 of 3rd period - Shot Misses the Net.
0:56 of 3rd period - Slapshot by Ilya Lyubushkin.
0:56 of 3rd period - Deflect By Patrik Laine.
0:56 of 3rd period - Stopped by Ilya Sorokin with a rebound.
1:16 of 3rd period - Off-side.
1:17 of 3rd period - Robert Thomas wins face-off versus Ryan Hartman in neutral zone.
1:28 of 3rd period - Slapshot by Brandon Saad.
1:28 of 3rd period - Goal by Brandon Saad - Kraken : 2 - Bruins : 4.
1:29 of 3rd period - Robert Thomas wins face-off versus Ryan Hartman in neutral zone.
1:36 of 3rd period - Justin Holl is hit by Robert Thomas and loses puck.
1:55 of 3rd period - Radek Faksa is hit by Matt Roy and loses puck.
2:32 of 3rd period - Slapshot by Miro Heiskanen.
2:32 of 3rd period - Stopped by Frederik Andersen with a rebound.
2:43 of 3rd period - Icing by Christopher Tanev.
2:44 of 3rd period - Robert Thomas wins face-off versus Ryan Poehling in Kraken zone.
3:01 of 3rd period - Wrist shot by Ryan Poehling.
3:01 of 3rd period - Stopped by Ilya Sorokin without a rebound.
3:02 of 3rd period - Alex Wennberg wins face-off versus Artturi Lehkonen in Bruins zone.
3:35 of 3rd period - Nino Niederreiter is hit by Ryan Donato.
3:57 of 3rd period - Snap shot by Miro Heiskanen.
3:57 of 3rd period - Shot Misses the Net.
4:19 of 3rd period - Slapshot by Jared Spurgeon.
4:19 of 3rd period - Stopped by Frederik Andersen with a rebound.
4:21 of 3rd period - Wrist shot by Tommy Novak.
4:21 of 3rd period - Shot Misses the Net.
4:23 of 3rd period - Snap shot by Sam Carrick.
4:23 of 3rd period - Goal by Sam Carrick - Kraken : 2 - Bruins : 5.
4:24 of 3rd period - Robert Thomas wins face-off versus Ryan Hartman in neutral zone.
4:29 of 3rd period - Snap shot by Brandon Saad.
4:29 of 3rd period - Stopped by Frederik Andersen with a rebound.
4:53 of 3rd period - Wrist shot by Oliver Bjorkstrand.
4:53 of 3rd period - Shot Blocked by Miro Heiskanen.
4:55 of 3rd period - Slapshot by Justin Holl.
4:55 of 3rd period - Shot Blocked by Jared Spurgeon.
4:57 of 3rd period - Wrist shot by Vladimir Tarasenko.
4:57 of 3rd period - Shot Misses the Net.
6:02 of 3rd period - Wrist shot by David Perron.
6:02 of 3rd period - Stopped by Ilya Sorokin with a rebound.
6:04 of 3rd period - Snap shot by Ryan Hartman.
6:04 of 3rd period - Stopped by Ilya Sorokin with a rebound.
6:08 of 3rd period - Snap shot by David Perron.
6:08 of 3rd period - Stopped by Ilya Sorokin without a rebound.
6:09 of 3rd period - Barclay Goodrow wins face-off versus Anthony Cirelli in Bruins zone.
6:36 of 3rd period - Ryan Hartman is hit by Ryan Graves and loses puck.
6:43 of 3rd period - David Perron is hit by Ondrej Palat.
6:59 of 3rd period - Slapshot by Tommy Novak.
6:59 of 3rd period - Shot Misses the Net.
7:14 of 3rd period - Connor Murphy is hit by Matt Benning and loses puck.
7:29 of 3rd period - Wrist shot by Radek Faksa.
7:29 of 3rd period - Stopped by Ilya Sorokin without a rebound.
7:30 of 3rd period - Anthony Cirelli wins face-off versus Radek Faksa in Bruins zone.
7:59 of 3rd period - Minor Penalty to Anthony Cirelli for Hooking.
8:00 of 3rd period - Ryan Hartman wins face-off versus Tommy Novak in Bruins zone.
8:04 of 3rd period - Snap shot by David Perron.
8:04 of 3rd period - Stopped by Ilya Sorokin without a rebound.
8:05 of 3rd period - Tommy Novak wins face-off versus Vladimir Tarasenko in Bruins zone.
8:14 of 3rd period - Snap shot by Ryan Hartman.
8:14 of 3rd period - Shot Blocked by Tommy Novak.
9:59 of 3rd period - Penalty to Anthony Cirelli is over, Anthony Cirelli is back on ice.
10:00 of 3rd period - Charlie Coyle is hit by Conor Garland and loses puck.
10:25 of 3rd period - Snap shot by Anthony Cirelli.
10:25 of 3rd period - Stopped by Frederik Andersen without a rebound.
10:26 of 3rd period - Anthony Cirelli wins face-off versus Ryan Poehling in Kraken zone.
10:43 of 3rd period - Ondrej Palat is hit by Ilya Lyubushkin.
10:53 of 3rd period - J.J. Moser is hit by Radek Faksa and loses puck.
11:12 of 3rd period - David Perron is hit by Brandon Saad and loses puck.
11:31 of 3rd period - Slapshot by Ilya Lyubushkin.
11:31 of 3rd period - Deflect By Charlie Coyle.
11:31 of 3rd period - Stopped by Ilya Sorokin without a rebound.
11:32 of 3rd period - Anthony Cirelli wins face-off versus Radek Faksa in Bruins zone.
11:37 of 3rd period - Seth Jones is hit by Anthony Cirelli and loses puck.
12:12 of 3rd period - Minor Penalty to Nino Niederreiter for Holding.
12:13 of 3rd period - Charlie Coyle wins face-off versus Anthony Cirelli in Bruins zone.
12:21 of 3rd period - Wrist shot by Artturi Lehkonen.
12:21 of 3rd period - Deflect By Charlie Coyle.
12:21 of 3rd period - Shot Misses the Net.
12:21 of 3rd period - Puck is out of play.
12:22 of 3rd period - Charlie Coyle wins face-off versus Anthony Cirelli in Bruins zone.
13:01 of 3rd period - Snap shot by Oliver Bjorkstrand.
13:01 of 3rd period - Goal by Oliver Bjorkstrand - Kraken : 3 - Bruins : 5.
13:02 of 3rd period - Radek Faksa wins face-off versus Alex Wennberg in neutral zone.
13:14 of 3rd period - Wrist shot by Conor Garland.
13:14 of 3rd period - Goal by Conor Garland - Kraken : 3 - Bruins : 6.
13:15 of 3rd period - Robert Thomas wins face-off versus Ryan Hartman in neutral zone.
13:22 of 3rd period - Snap shot by Ryan Hartman.
13:22 of 3rd period - Goal by Ryan Hartman - Kraken : 4 - Bruins : 6.
13:23 of 3rd period - David Perron wins face-off versus Brandon Saad in neutral zone.
13:36 of 3rd period - Wrist shot by Nino Niederreiter.
13:36 of 3rd period - Stopped by Frederik Andersen with a rebound.
13:50 of 3rd period - Anthony Cirelli is hit by Seth Jones and loses puck.
14:01 of 3rd period - Wrist shot by Oliver Bjorkstrand.
14:01 of 3rd period - Stopped by Ilya Sorokin with a rebound.
14:17 of 3rd period - Wrist shot by Barclay Goodrow.
14:17 of 3rd period - Stopped by Ilya Sorokin with a rebound.
14:19 of 3rd period - Slapshot by Christopher Tanev.
14:19 of 3rd period - Stopped by Ilya Sorokin with a rebound.
14:21 of 3rd period - Slapshot by Justin Holl.
14:21 of 3rd period - Stopped by Ilya Sorokin without a rebound.
14:22 of 3rd period - Robert Thomas wins face-off versus Ryan Hartman in Bruins zone.
14:22 of 3rd period - Robert Thomas is hit by Ryan Hartman.
14:32 of 3rd period - Slapshot by Ryan Graves.
14:32 of 3rd period - Stopped by Frederik Andersen with a rebound.
14:34 of 3rd period - Snap shot by Matt Roy.
14:34 of 3rd period - Deflect By Nino Niederreiter.
14:34 of 3rd period - Shot Blocked by Justin Holl.
14:34 of 3rd period - Puck is out of play.
14:35 of 3rd period - Robert Thomas wins face-off versus Ryan Hartman in Kraken zone.
14:42 of 3rd period - Wrist shot by Robert Thomas.
14:42 of 3rd period - Stopped by Frederik Andersen with a rebound.
14:44 of 3rd period - Slapshot by Matt Roy.
14:44 of 3rd period - Stopped by Frederik Andersen with a rebound.
14:46 of 3rd period - Slapshot by Matt Roy.
14:46 of 3rd period - Deflect By David Perron.
14:46 of 3rd period - Stopped by Frederik Andersen with a rebound.
14:48 of 3rd period - Slapshot by Matt Roy.
14:48 of 3rd period - Shot Blocked by Christopher Tanev.
14:50 of 3rd period - Snap shot by Nino Niederreiter.
14:50 of 3rd period - Stopped by Frederik Andersen without a rebound.
14:51 of 3rd period - Anthony Cirelli wins face-off versus Charlie Coyle in Kraken zone.
14:56 of 3rd period - Snap shot by Joel Farabee.
14:56 of 3rd period - Shot Blocked by Seth Jones.
14:58 of 3rd period - Slapshot by Joel Farabee.
14:58 of 3rd period - Stopped by Frederik Andersen without a rebound.
14:59 of 3rd period - Anthony Cirelli wins face-off versus Vladimir Tarasenko in Kraken zone.
15:04 of 3rd period - Wrist shot by Joel Farabee.
15:04 of 3rd period - Stopped by Frederik Andersen without a rebound.
15:05 of 3rd period - Radek Faksa wins face-off versus Alex Wennberg in Kraken zone.
15:32 of 3rd period - Robert Thomas is hit by Artturi Lehkonen and loses puck.
16:14 of 3rd period - Minor Penalty to Sam Carrick for Holding.
16:15 of 3rd period - Ryan Hartman wins face-off versus Anthony Cirelli in Bruins zone.
16:19 of 3rd period - Snap shot by Vladimir Tarasenko.
16:19 of 3rd period - Shot Blocked by Jared Spurgeon.
16:21 of 3rd period - Slapshot by David Perron.
16:21 of 3rd period - Stopped by Ilya Sorokin with a rebound.
16:47 of 3rd period - Robert Thomas is hit by Seth Jones and loses puck.
18:14 of 3rd period - Penalty to Sam Carrick is over, Sam Carrick is back on ice.
18:19 of 3rd period - Sam Carrick is hit by Jonas Brodin and loses puck.
18:42 of 3rd period - Minor Penalty to Barclay Goodrow for Holding.
18:43 of 3rd period - Radek Faksa wins face-off versus Robert Thomas in Kraken zone.
19:15 of 3rd period - Snap shot by Anthony Cirelli.
19:15 of 3rd period - Stopped by Frederik Andersen without a rebound.
19:16 of 3rd period - Radek Faksa wins face-off versus Patrik Laine in Kraken zone.
19:33 of 3rd period - Radek Faksa is hit by Ryan Graves and loses puck.
Goals for this period are 2 for Kraken vs 3 for Bruins.
Shots for this period are 18 for Kraken vs 16 for Bruins.